 Dungeon Crawl Stone Soup version 0.22.1-1-ga44c0e56f4 (webtiles) character file.

16533 BreadTh the Earth Mage (level 12, -6/71 HPs)
             Began as a Gargoyle Earth Elementalist on Oct 19, 2018.
             Was a Follower of Wu Jian.
             Mangled by a nine-headed hydra (8 damage)
             ... on level 2 of the Lair of Beasts.
             The game lasted 01:07:18 (17732 turns).

BreadTh the Earth Mage (GrEE)                      Turns: 17732, Time: 01:07:19

Health: -6/71      AC: 25    Str: 14    XL:     12   Next: 38%
Magic:  26/26      EV: 11    Int: 15    God:    Wu Jian [*.....]
Gold:   88         SH:  0    Dex: 14    Spells: 22/31 levels left

rFire    + . .     SeeInvis .   O - +1 great sword (holy)
rCold    + . .     Gourm    .   (shield currently unavailable)
rNeg     + . .     Faith    .   R - +4 chain mail {MR+}
rPois    ∞         Spirit   .   (no helmet)
rElec    +         Reflect  .   I - +1 cloak of Starlight {rElec rC+ EV+4 Stlth--}
rCorr    .         Harm     .   (no gloves)
MR       +....                  F - +0 pair of boots
Stlth    ..........             (no amulet)
HPRegen  0.21/turn              h - ring of wizardry
MPRegen  0.20/turn              E - ring of protection from fire

@: no status effects
A: negative energy resistance 1, electricity resistance, unbreathing,
petrification resistance, rot immunity, AC +8
a: Renounce Religion


You were on level 2 of the Lair of Beasts.
You worshipped Wu Jian.
Wu Jian was aware of your devotion.
You were very hungry.

You visited 3 branches of the dungeon, and saw 13 of its levels.
You also visited: Sewer.

You collected 538 gold pieces.
You spent 450 gold pieces at shops.

Inventory:

Hand Weapons
 G - a +3 flail of crushing
 H - a +2 antimagic war axe
 O - a +1 great sword of holy wrath (weapon)
 U - a +1 dagger of protection
Missiles
 a - 343 arrows
 b - 150 stones (quivered)
 k - 4 javelins
 o - 7 curare-tipped needles
 p - 10 tomahawks
 q - 161 bolts
 M - 16 poisoned needles
Armour
 f - a +0 scale mail of fire resistance
 m - +0 gold dragon scales
 F - a +0 pair of boots (worn)
 I - the +1 cloak of Starlight (worn) {rElec rC+ EV+4 Stlth--}
   (You found it on level 8 of the Dungeon)

   It affects your evasion (+4).
   It protects you from cold.
   It insulates you from electricity.
   It makes you much less stealthy.
 R - a +4 chain mail of magic resistance (worn)
 W - a +0 shield
Magical Staves
 y - an uncursed staff of summoning
 Q - an uncursed staff of fire
 S - an uncursed staff of poison
Jewellery
 h - a ring of wizardry (left hand)
 B - an uncursed ring of see invisible
 E - a ring of protection from fire (right hand)
Wands
 w - a wand of enslavement (9)
 x - a wand of paralysis (30)
 J - a wand of iceblast (8)
 K - a wand of flame (40)
 L - a wand of polymorph (9)
Scrolls
 i - 2 scrolls of fog
 l - 6 scrolls of fear
 n - 2 scrolls of remove curse
 u - 3 scrolls of teleportation
 V - a scroll of blinking
Potions
 c - 7 potions of curing
 e - 3 potions of might
 g - 2 potions of haste
 j - 4 potions of ambrosia
 r - 3 potions of heal wounds
 s - a potion of lignification {unknown}
 v - a potion of agility {unknown}
 z - 2 potions of resistance
 A - 2 potions of degeneration
 C - 4 potions of brilliance
 D - 2 potions of mutation
 P - a potion of magic {unknown}
 T - a potion of cancellation {unknown}
Comestibles
 d - 25 rations
 t - 8 chunks of flesh


   Skills:
 + Level 6.5 Fighting
 + Level 4.5 Armour
 + Level 3.6 Dodging
 + Level 5.6 Stealth
 - Level 10.0 Spellcasting
   Level 0.7 Transmutations
 - Level 16.0 Earth Magic


You had 22 spell levels left.
You knew the following spells:

 Your Spells              Type           Power        Failure   Level  Hunger
a - Sandblast             Erth           ######       1%          1    None
b - Stone Arrow           Conj/Erth      ####..       10%         3    None
c - Lee's Rapid Deconstr  Erth           ######....   3%          5    #####..

Your spell library contained the following spells:

 Spells                   Type           Power        Failure   Level  Hunger
 Passwall                 Tmut/Erth      ####....     4%          2    None
 Petrify                  Tmut/Erth      ####....     26%         4    ###....
 Corona                   Hex            #......      61%         1    None
 Flame Tongue             Conj/Fire      #....        61%         1    None
 Pain                     Necr           #...         61%         1    None
 Ensorcelled Hibernation  Hex/Ice        #.....       75%         2    None
 Swiftness                Chrm/Air       #.......     75%         2    None
 Throw Flame              Conj/Fire      #.....       75%         2    None
 Confuse                  Hex            #.......     91%         3    None
 Conjure Flame            Conj/Fire      #.......     91%         3    None
 Dazzling Spray           Conj/Hex       #.....       91%         3    None
 Inner Flame              Hex/Fire       #.......     91%         3    None
 Regeneration             Chrm/Necr      #.........   91%         3    None
 Tukima's Dance           Hex            #.......     91%         3    None
 Passage of Golubria      Tloc           N/A          100%        4    ###....
 Sticky Flame             Conj/Fire      #.......     100%        4    ###....
 Summon Ice Beast         Ice/Summ       #.......     100%        4    ###....
 Agony                    Necr           #.......     100%        5    #####..
 Fireball                 Conj/Fire      #.........   100%        5    #####..
 Darkness                 Hex            #.........   100%        6    ######.
 Invisibility             Hex            #.......     100%        6    ######.
 Haunt                    Necr/Summ      #.........   100%        7    #######
 Borgnjor's Revivificati  Necr           #.........   100%        8    #######
 Death's Door             Chrm/Necr      #.........   100%        8    #######
 Infestation              Necr           #.........   100%        8    #######
 Necromutation            Tmut/Necr      #.........   100%        8    #######


Dungeon Overview and Level Annotations

Branches:
Dungeon (10/15)            Temple (1/1) D:7            Lair (2/6) D:8
  Snake (0/4) Lair:2
  Swamp: Lair:2-4    Shoals: Lair:2-4       Orc: D:9-12

Altars:
Ashenzari
Cheibriados
Dithmenos
Elyvilon
Fedhas
Gozag
Hepliaklqana
Kikubaaqudgha
Makhleb
Nemelex Xobeh
Okawaru
Qazlal
Ru
Sif Muna
Trog
Uskayaw
Vehumet
Wu Jian
Xom
Yredelemnul
Zin
The Shining One

Shops:
D:9 [

Portals:
Ice
Cave: Lair:2

Annotations:
Lair:1 exclusion: 3 oklob plants


Innate Abilities, Weirdness & Mutations

You are resistant to torment.
Your stone body is resilient. (AC +8)
You are immune to poison.
You resist negative energy. (rN+)
You are resistant to electric shocks. (rElec)
You can survive without breathing.
You are immune to petrification.
You are immune to rotting.


Message History

The ice beast is severely wounded.
You are feeling very hungry.
The ice beast hits you but does no damage. x2
You spin to attack the ice beast, but your attack speed is too slow for a blow The ice beast hits you but does no damage.
You spin and attack the ice beast.
You closely miss the ice beast.
The ice beast is severely wounded.
The ice beast hits you but does no damage.
There is a frozen archway here.
The nine-headed hydra barely misses you.
You riposte.
You slash the nine-headed hydra!
The nine-headed hydra is lightly wounded.
The nine-headed hydra bites you but does no damage.
The nine-headed hydra bites you.
* * * LOW HITPOINT WARNING * * *
The nine-headed hydra bites you but does no damage. x2
The nine-headed hydra bites you!
* * * LOW HITPOINT WARNING * * *
The nine-headed hydra bites you!
You die...

P. ..# # ##.#
#.##
#..###...#
##..#P#...#
#P.......##
#.........#
##..@....#
###..DY....#
#.....Y..?.#
###.P......###
#....Y.......
####....##..#
#.Y.## ###
#..Y.# #....#
##........


You could see a nine-headed hydra and 5 ice beasts.

Vanquished Creatures
  Josephine (D:9)
  A hydra (Lair:2)
  A cyclops (D:8)
  A black mamba (Lair:1)
  A spiny frog (Lair:1)
  3 komodo dragons (Lair:1)
  A rime drake (Lair:1)
  Prince Ribbit (D:9)
  A troll (D:9)
  A hornet (D:8)
  2 hippogriffs (Lair:1)
  5 wraiths
  2 wyverns
  12 yaks
  4 hogs (D:7)
  A human (D:7)
  A basilisk (Lair:2)
  7 water moccasins
  3 eyes of draining
  3 black bears
  Purgy (Sewer)
  3 ice beasts
  6 orc warriors
  5 sky beasts
  6 ogres
  A phantom (D:10)
  The ghost of radzia the Chopper, an amateur DsGl (D:3)
  6 wolves (Lair:1)
  7 centaurs
  A crocodile (Lair:1)
  A big kobold (D:9)
  2 gnoll sergeants
  19 bullfrogs
  5 scorpions
  4 wights (D:6)
  5 killer bees (D:8)
  5 howler monkeys
  3 centaur zombies
  7 crimson imps
  3 hounds
  2 jellies (D:8)
  3 orc priests
  A quasit (D:7)
  A bullfrog skeleton (D:8)
  6 orc wizards
  2 centaur skeletons
  5 iguanas
  6 worker ants
  A hound zombie (D:6)
  12 adders
  11 gnolls
  A river rat (D:6)
  A shadow imp (D:5)
  2 oozes
  2 adder skeletons (D:4)
  4 worms (D:6)
  3 dart slugs
  6 leopard geckos
  26 orcs
  7 bats
  3 giant cockroaches
  10 goblins
  8 hobgoblins
  12 jackals
  13 kobolds
  9 quokkas
  2 ball pythons
  13 frilled lizards
  A jackal skeleton (D:4)
  A leopard gecko zombie (D:6)
  A quokka skeleton (D:4)
  8 rats
326 creatures vanquished.

Vanquished Creatures (others)
  3 plants (Lair:1)
3 creatures vanquished.

Grand Total: 329 creatures vanquished

Notes
Turn   | Place    | Note
-------+----------+-------------------------------------------
     0 | D:1      | BreadTh the Gargoyle Earth Elementalist began the quest for
                  | the Orb.
     0 | D:1      | Reached XP level 1. HP: 10/10 MP: 3/3
   138 | D:1      | Reached skill level 4 in Earth Magic
   138 | D:1      | Reached XP level 2. HP: 9/15 MP: 5/5
   602 | D:1      | You fall through a shaft!
   758 | D:2      | Found a radiant altar of Vehumet.
  1061 | D:1      | Reached XP level 3. HP: 10/20 MP: 6/6
  1670 | D:2      | Reached skill level 1 in Fighting
  2017 | D:2      | Noticed a centaur
  2021 | D:2      | Killed a centaur
  2021 | D:2      | Reached skill level 5 in Earth Magic
  2021 | D:2      | Reached XP level 4. HP: 16/26 MP: 2/7
  2021 | D:2      | Reached XP level 5. HP: 18/30 MP: 2/8
  2169 | D:2      | You fall through a shaft!
  2234 | D:3      | Found a runed gate.
  2234 | D:3      | Found a runed gate.
  2235 | D:3      | Found a runed gate.
  2235 | D:3      | Noticed radzia's ghost (amateur DsGl)
  2450 | D:3      | Learned a level 3 spell: Stone Arrow
  2631 | D:3      | Reached skill level 6 in Earth Magic
  2938 | D:4      | Reached XP level 6. HP: 34/35 MP: 9/9
  3552 | D:4      | Reached skill level 7 in Earth Magic
  4153 | D:5      | Entered Level 5 of the Dungeon
  4185 | D:5      | Reached XP level 7. HP: 39/40 MP: 11/11
  4364 | D:5      | Reached skill level 8 in Earth Magic
  4940 | D:5      | Reached skill level 9 in Earth Magic
  5025 | D:5      | Found a white marble altar of Elyvilon.
  5271 | D:6      | Reached XP level 8. HP: 42/44 MP: 12/12
  5317 | D:6      | Reached skill level 10 in Earth Magic
  5438 | D:6      | Found a glowing drain.
  5574 | Sewer    | Entered a sewer
  5715 | Sewer    | Noticed Purgy
  5718 | Sewer    | Killed Purgy
  5718 | Sewer    | Reached skill level 11 in Earth Magic
  5905 | D:6      | Found a glowing golden altar of the Shining One.
  5999 | D:6      | Noticed a hand axe
  6002 | D:6      | Noticed a hand axe
  6007 | D:6      | Found a hide-covered altar of Uskayaw.
  6304 | D:6      | Reached skill level 12 in Earth Magic
  6453 | D:6      | Found a burning altar of Makhleb.
  6717 | D:6      | Reached XP level 9. HP: 48/48 MP: 3/13
  6718 | D:6      | Found a bloodstained altar of Trog.
  6934 | D:6      | Reached skill level 13 in Earth Magic
  7294 | D:6      | Found an opulent altar of Gozag.
  7402 | D:7      | Found a hide-covered altar of Uskayaw.
  7681 | D:7      | Reached skill level 14 in Earth Magic
  8123 | D:7      | Found a staircase to the Ecumenical Temple.
  8333 | Temple   | Entered the Ecumenical Temple
  8477 | D:7      | Reached skill level 15 in Earth Magic
  8495 | D:7      | Reached XP level 10. HP: 44/53 MP: 14/14
  8716 | D:7      | Found a hazy altar of Hepliaklqana.
  9453 | D:7      | Reached skill level 16 in Earth Magic
  9469 | D:7      | Learned a level 5 spell: Lee's Rapid Deconstruction
  9704 | D:8      | Reached skill level 1 in Armour
 10172 | D:8      | Found an opulent altar of Gozag.
 10503 | D:8      | Found a snail-covered altar of Cheibriados.
 10504 | D:8      | Found an opulent altar of Gozag.
 10504 | D:8      | Found a burning altar of Makhleb.
 10514 | D:8      | Noticed a cyclops
 10524 | D:8      | Killed a cyclops
 10524 | D:8      | Reached skill level 5 in Fighting
 10540 | D:8      | Found the +1 cloak of Starlight {rElec rC+ EV+4 Stlth--}
 10546 | D:8      | Identified the Almanac of Ice and Dark Rites
 10694 | D:8      | Reached skill level 5 in Spellcasting
 11062 | D:8      | Found an iron altar of Okawaru.
 11062 | D:8      | Found a shimmering altar of Xom.
 11153 | D:8      | Reached XP level 11. HP: 56/63 MP: 19/19
 11251 | D:8      | Found a staircase to the Lair.
 12078 | D:9      | Found Onaukhluo's Armour Boutique.
 12129 | D:9      | Bought a +3 chain mail of magic resistance for 450 gold
                  | pieces
 12178 | D:9      | Noticed Prince Ribbit
 12195 | D:9      | Killed Prince Ribbit
 12659 | D:3      | Killed radzia's ghost
 13270 | D:9      | Found a snail-covered altar of Cheibriados.
 13625 | D:9      | Found an ornate altar of the Wu Jian Council.
 13724 | D:9      | Became a worshipper of the Wu Jian Council
 13793 | D:10     | Entered Level 10 of the Dungeon
 13965 | D:10     | Noticed Josephine
 13987 | D:9      | Killed Josephine
 14188 | D:9      | HP: 3/63 [wraith[Josephine] (5)]
 14942 | Lair:1   | Entered Level 1 of the Lair of Beasts
 14998 | Lair:1   | Reached skill level 10 in Spellcasting
 15175 | Lair:1   | Reached * piety under Wu Jian
 15518 | Lair:1   | Noticed an oklob plant
 15518 | Lair:1   | Noticed an oklob plant
 15559 | Lair:1   | Reached XP level 12. HP: 53/68 MP: 22/26
 16839 | D:8      | Reached skill level 5 in Stealth
 17592 | Lair:2   | Noticed a six-headed hydra
 17598 | Lair:2   | Killed a six-headed hydra
 17636 | Lair:2   | Found a staircase to the Snake Pit.
 17672 | Lair:2   | Found a frozen archway.
 17682 | Lair:2   | Noticed an eight-headed hydra
 17732 | Lair:2   | HP: 2/71 [nine-headed hydra (10)]
 17732 | Lair:2   | Mangled by a nine-headed hydra

Skill      XL: |  1  2  3  4  5  6  7  8  9 10 11 12 |
---------------+-------------------------------------+-----
Earth Magic    | 4 5 6 7 9 12 15 16 | 16.0
Dodging        | 2 3 |  3.6
Fighting       | 2 5 6 |  6.5
Stealth        | 3 4 5 |  5.6
Spellcasting   | 3 5 10 | 10.0
Armour         | 2 4 |  4.5
Transmutations | |  0.7

Action                   |  1- 3 |  4- 6 |  7- 9 | 10-12 || total
-------------------------+-------+-------+-------+-------++-------
Melee: Dagger            |    51 |       |       |       ||    51
       Unarmed           |     2 |       |       |       ||     2
       Mace              |   128 |   128 |       |       ||   256
       Flail             |       |    69 |   283 |   153 ||   505
       Great sword       |       |       |       |   479 ||   479
 Cast: Sandblast         |     5 |     8 |    34 |    91 ||   138
       Stone Arrow       |       |     9 |    26 |   115 ||   150
       Lee's Rapid Decon |       |       |       |     4 ||     4
Invok: Lunge             |       |       |       |    10 ||    10
       Whirlwind         |       |       |       |    15 ||    15
  Use: Scroll            |       |       |    15 |    10 ||    25
 Stab: Sleeping          |     1 |     1 |     2 |     1 ||     5
       Distracted        |       |     1 |     1 |     1 ||     3
  Eat: Chunk             |     4 |     8 |    14 |    30 ||    56
       Ration            |       |       |     1 |     2 ||     3
Armor: Robe              |    22 |       |       |       ||    22
       Scale mail        |    43 |       |       |   154 ||   197
       Ring mail         |    19 |   134 |   188 |   118 ||   459
       Chain mail        |       |       |       |   512 ||   512
Dodge: Dodged            |   109 |   150 |   201 |   747 ||  1207
       Rpst.: Great sword |       |       |       |   186 ||   186
